AoeStats
← el droga niños

Arabia

510224195Analyzed
2v2 RM · 24h ago on Sep 30, 2026· 25m 51s· 4 players
Game mode
Random Map
Map size
Medium (4 player)
Population
200
Speed
Normal
Resources
Standard
Victory
Conquest
Starting age
Dark Age
Ending age
Imperial Age
RankedLock teamsTeams togetherTeam positionsShared explorationLock speedFull tech treeHidden civsTurbo modeCheats
Victory
Defeat
🇦🇷 Ethiopians · Argentina
1309
+13
🇦🇷 Khmer · Argentina
1264
+15
🇺🇸 Varangians · United States
1241
-14
🇺🇸 Khitans · United States
1239
-14
Stonefoot28
4:05 Loom
10:52 Feudal Age
12:58 Double-Bit Axe
14:39 Horse Collar
22:37 Castle Age
20:41 Scale Mail Armor
21:17 Forging
21:05 Arson
24:52 Chain Mail Armor
24:16 Pikeman
LethalHubris
6:15 Loom
9:38 Feudal Age
10:27 Double-Bit Axe
10:23 Domestication
15:11 Wheelbarrow
18:58 Castle Age
18:10 Gold Mining
18:33 Fletching
19:41 Bodkin Arrow
19:58 Bow Saw
20:12 Padded Archer Armor
20:21 Thumb Ring
22:16 Heavy Cavalry Archer
24:28 Leather Archer Armor
Helado de Diarrea
5:41 Loom
8:01 Feudal Age
15:59 Horse Collar
17:11 Forging
19:22 Wheelbarrow
22:02 Castle Age
20:39 Scale Barding Armor
21:04 Bloodlines
22:32 Light Cavalry
23:14 Husbandry
el droga niños
6:55 Loom
9:12 Feudal Age
9:45 Double-Bit Axe
20:50 Castle Age
20:14 Gold Mining
20:06 Horse Collar
20:28 Fletching
21:26 Bodkin Arrow
20:53 Crossbowman
22:01 Bow Saw
21:55 Padded Archer Armor
23:19 Ballistics
Connection lost

Rejoining the realm…

Still unreachable

The connection could not be restored.

Session expired

The server has moved on; the page needs a fresh start.